 Dungeon Crawl Stone Soup version 0.19-a0-450-g98b348d (webtiles) character file.

60 epen the Gusty (level 4, 0/25 HPs)
             Began as a Tengu Air Elementalist on June 1, 2016.
             Slain by a jackal (1 damage)
             ... on level 1 of the Dungeon.
             The game lasted 00:03:36 (978 turns).

epen the Gusty (Tengu Air Elementalist)              Turns: 978, Time: 00:03:38

Health: 0/25       AC:  2    Str:  7 (9)  XL:     4   Next: 6%
Magic:  8/8        EV: 13    Int: 15 (16) God:
Gold:   61         SH:  0    Dex: 13 (14) Spells: 3 memorised, 1 level left

rFire  . . .     SeeInvis .     i - -3 dagger (curse)
rCold  . . .     Gourm    .     a - +0 robe
rNeg   . . .     Faith    .     (no shield)
rPois  .         Spirit   .     (helmet restricted)
rElec  .         Dismiss  .     (no cloak)
rCorr  .         Reflect  .     (no gloves)
SustAt .         Harm     .     (boots unavailable)
MR     .....                    (no amulet)
Stlth  ++........               (no ring)
                                (no ring)

@: repel missiles, not resistant to hostile enchantments, unstealthy
A: beak, talons 3
a: no special abilities


You were on level 1 of the Dungeon.
You were very hungry.

You visited 1 branch of the dungeon, and saw 2 of its levels.

You collected 61 gold pieces.

Inventory:

Hand Weapons
 i - a cursed -3 dagger (weapon)
Armour
 a - a +0 robe (worn)
Scrolls
 g - a scroll of magic mapping {unknown}
Potions
 e - a potion of degeneration
 h - a potion of magic {unknown}
Books
 b - a book of Air

   Spells                             Type                      Level
   a - Shock                          Conjuration/Air              1
   b - Swiftness                      Charms/Air                   2
   c - Repel Missiles                 Charms/Air                   2
   d - Static Discharge               Conjuration/Air              3
   e - Lightning Bolt                 Conjuration/Air              5
Comestibles
 c - 2 bread rations
 d - a beef jerky
 f - 2 fruits


   Skills:
 + Level 1.0 Fighting
 + Level 2.6 Dodging
 - Level 2.0 Stealth
 + Level 2.4 Spellcasting
 * Level 2.8 Conjurations
 * Level 4.7 Air Magic


You had one spell level left.
You knew the following spells:

 Your Spells              Type           Power        Failure   Level  Hunger
a - Shock                 Conj/Air       ##..         6%          1    #......
b - Repel Missiles        Chrm/Air       #.....       14%         2    ###....
c - Static Discharge      Conj/Air       ##......     17%         3    ###....


Dungeon Overview and Level Annotations

Branches:
Dungeon (2/15)

Altars:

Annotations:
D:1 Terence
D:2 Robin


Innate Abilities, Weirdness & Mutations

You have a beak for a mouth.
You have claws for feet.


Message History

* * * LOW HITPOINT WARNING * * *
You climb upwards.
The jackal bites you.
* * * LOW HITPOINT WARNING * * *
The jackal bites you but does no damage.
The jackal misses you.
There is a stone staircase leading down here.
The hobgoblin hits you but does no damage.
The jackal misses you. Terence hits you with a short sword.
* * * LOW HITPOINT WARNING * * *
The hobgoblin misses you. The jackal misses you. Terence completely misses you.
The jackal closely misses you.
It was a potion of degeneration.
There was something very wrong with that liquid.
You feel weakened.
You feel dopey.
You feel clumsy. The jackal bites you.
* * * LOW HITPOINT WARNING * * *
The jackal bites you.
You die...

........##........#.......#####..
##########.#####..#....รท..#
##... #.............)..###..##
#####........#...#(...#
##.####...##...)##### #..#
#.......#.# # ##########.##
##..##.>..### #
#..........######..........###
##..>####....@hh..............
#######.###...####............##.
...# #..##.### #g.g.............
...#####)#..# ##...............#
...).......## #..>.............#
#...###..#######................#
###.............................#
##......###............((.....#
#....)................#.#####.#


You could see 2 jackals and a goblin.

Vanquished Creatures
  Ijyb (D:1)
  2 dart slugs (D:1)
  A giant gecko (D:1)
  A ball python (D:1)
  8 goblins
  3 hobgoblins (D:1)
  3 giant newts
  5 kobolds (D:1)
  5 rats (D:1)
29 creatures vanquished.

Notes
Turn   | Place    | Note
--------------------------------------------------------------
     0 | D:1      | epen the Tengu Air Elementalist began the quest for the Orb.
     0 | D:1      | Reached XP level 1. HP: 10/10 MP: 4/4
   162 | D:1      | Reached XP level 2. HP: 15/15 MP: 1/6
   237 | D:1      | Learned a level 2 spell: Repel Missiles
   566 | D:1      | Reached XP level 3. HP: 20/20 MP: 2/7
   571 | D:1      | Learned a level 3 spell: Static Discharge
   750 | D:2      | Noticed Ijyb
   853 | D:1      | Killed Ijyb
   853 | D:1      | Reached skill level 1 in Fighting
   853 | D:1      | Reached XP level 4. HP: 18/25 MP: 0/8
   956 | D:2      | Noticed Terence
   960 | D:2      | Noticed Robin
   978 | D:1      | HP: 1/25 [jackal (1)]
   978 | D:1      | Slain by a jackal

Vault maps used:
D:1:      roderic_dead_forest
D:2:      lightli_temple_of_fire, minmay_snake_closets, uniq_robin,
          uniq_terence, uniq_iyjb

Skill      XL: |  1  2  3 |
---------------+----------+-----
Conjurations   | 2 |  2.8
Fighting       | 1 |  1.0
Dodging        | |  2.6
Stealth        | |  2.0
Spellcasting   | |  2.4
Air Magic      | |  4.7

Action                   |  1- 3 |  4- 6 || total
-------------------------+-------+-------++-------
Melee: Unarmed           |     2 |       ||     2
       Kick              |     2 |       ||     2
       Dagger            |     1 |     1 ||     2
 Cast: Shock             |    54 |     6 ||    60
       Repel Missiles    |     1 |       ||     1
       Static Discharge  |     2 |       ||     2
  Use: Potion            |       |     1 ||     1
Armor: Robe              |     7 |     3 ||    10
Dodge: Dodged            |    15 |    12 ||    27
